[Event "*** Titled Tuesday Blitz"]
[Site "Chess.com"]
[Date "2021.02.02"]
[Round "10"]
[White "Tiradini007"]
[Black "Coiote53"]
[Result "1/2-1/2"]
[WhiteElo "2219"]
[BlackElo "2356"]
[TimeControl "180+1"]
[EndTime "11:56:43 PST"]
[Termination "Game drawn by repetition"]

1. e4 c5 2. Nc3 d6 3. g3 g6 4.
Bg2 Bg7 5. f4 Nc6 6. Nf3 Nd4 7.
O-O Nxf3+ 8. Qxf3 Nf6 9. h3 O-O 10. d3 Rb8 11. Be3 b5 12. a3 a5 13. Rae1 b4 14.
axb4 axb4 15. Nd1 Bb7 16. g4 c4 17. f5 b3 18. cxb3 cxd3 19. Bg5 Nxe4 20. Rxe4 Bxe4 21. Qxe4 f6 22. Bd2 g5 23. Bc3 Re8 24.
Qxd3 Qb6+ 25. Kh1 Kh8 26. Bd5 Rbc8 27. Re1 h5 28. Bf7 Qb7+ 29. Qe4 Qa7 30. Bxe8 Rxe8 31. Qc6 Rg8 32. Kg2 Qb8 33. Qd5 Re8 34. b4 Qb6 35.
Nf2 h4 36. Ne4 Rc8 37. Qf7 Qb7 38. Kh2 d5 39. Nxg5 d4 40. Qh5+ Kg8 41. Qh7+ Kf8 42. Ne6+ Ke8 43. Qxg7 dxc3 44. Qg8+ Kd7 45. Nc5+ Kc6 46. Nxb7 Rxg8 47. bxc3 Kxb7 48. Rxe7+ Kc6 49. Re6+ Kd5 50. Rxf6 Rc8 51. Rh6 Rxc3 52. Rxh4 Ke4 53. Rh8 Kf3 54. f6 Rc2+ 55. Kg1 Rc1+ 56. Kh2 Rc2+ 57.
Kg1 Rc1+ 58. Kh2 Rc2+ 1/2-1/2

[Event "*** Titled Tuesday Blitz"]
[Site "Chess.com"]
[Date "2021.02.02"]
[Round "10"]
[White "Dii210"]
[Black "ChelsieMonica"]
[Result "1-0"]
[WhiteElo "2260"]
[BlackElo "2359"]
[TimeControl "180+1"]
[EndTime "11:56:43 PST"]
[Termination "Dii210 won by resignation"]

1. e4 e5 2. Nf3 Nc6 3. Bb5 f5 4. Nc3 Nf6 5. d3 fxe4 6. dxe4 Bc5 7. O-O O-O 8. Bxc6 bxc6 9. Nxe5 Qe8 10. Nd3 Bb6 11. e5 Nd5 12. Nxd5 cxd5 13. Bf4 Ba6 14. Bg3 Rb8 15. b3 Bd4 16. Rb1 c5 17. e6 Rb6 18. exd7 Qxd7 19. Qd2 Qf5 20. Rbd1 Qf6 21. Kh1 Kh8 22. Qe2 Re6 23. Qg4 Re4 24. f4 Bc8 25.
Qh5 Bf5 26. Ne5 g6 27. Qf3 Qe6 28. c3 Re3 29. cxd4 Rxf3 30. Nxf3 c4 31. bxc4 dxc4 32. d5 Qa6 33. Bf2 Bd3 34. Rfe1 Kg8 35. Bd4 Rxf4 36.
Re8+ Kf7 37. Rde1 Rxd4 38. R1e7+ Kf6 39. Re6+ Kf7 40. R8e7+ Kf8 41. Rxa6 Kxe7 42. Nxd4 Kd7 43. Rxa7+ Kd6 44. Nb5+ Kxd5 45. Nc3+ Kd4 46. Ra3 Kc5 47.
Ra4 Kd4 48. Nb5+ Ke3 49. Kg1 Kd2 50. Ra7 c3 51. Nxc3 Kxc3 52. Rxh7 Kb2 53. Ra7 1-0

[Event "*** Titled Tuesday Blitz"]
[Site "Chess.com"]
[Date "2021.02.02"]
[Round "10"]
[White "Khnykin_Nikolay"]
[Black "Ziyamammadov"]
[Result "0-1"]
[WhiteElo "2060"]
[BlackElo "1760"]
[TimeControl "180+1"]
[EndTime "11:56:43 PST"]
[Termination "Ziyamammadov won on time"]

1. e4 e6 2. d4 d5 3. exd5 exd5 4. Nf3 Nf6 5. Be2 Be7 6. O-O O-O 7. Nc3 c6 8. Bf4 Bd6 9. Ne5 Bxe5 10. Bxe5 Nbd7 11. Bd3 Nxe5 12. dxe5 Nd7 13. Qh5 g6 14. Qe2 Qc7 15. Rfe1 Re8 16. f4 Qb6+ 17. Kh1 f6 18. e6 Nc5 19. e7 Ne6 20. f5 Nf4 21. Qf3 Nxd3 22. fxg6 Nf2+ 23. Kg1 Nd3+ 24. Re3 Ne5 25. gxh7+ Kg7 26. Qg3+ Ng4 27. Re1 Kxh7 28. Qh4+ Kg7 29.
Qg3 Rxe7 30. Nd1 Rxe3 31. Nxe3 Kf7 32. Kf1 Nxe3+ 33. Rxe3 Be6 34. Qh4 Rg8 35. Qh7+ Rg7 36. Qh5+ Ke7 37. Qe2 Qb5 38. Rxe6+ Kd7 39. Qxb5 cxb5 0-1

[Event "*** Titled Tuesday Blitz"]
[Site "Chess.com"]
[Date "2021.02.02"]
[Round "10"]
[White "Jungle_Jaguar"]
[Black "dennisodessa"]
[Result "1-0"]
[WhiteElo "2605"]
[BlackElo "2472"]
[TimeControl "180+1"]
[EndTime "11:56:44 PST"]
[Termination "Jungle_Jaguar won by checkmate"]

1. b3 Nf6 2. Bb2 b6 3. Nf3 Bb7 4. e3 e5 5. Bxe5 Be7 6. Be2 O-O 7. O-O c5 8. c4 d5 9. Nc3 Nc6 10. Bxf6 Bxf6 11. cxd5 Ne5 12. Nxe5 Bxe5 13. e4 Qf6 14. Rc1 Qh4 15. g3 Qh6 16. f4 Bd4+ 17. Kg2 f5 18. e5 g5 19. Kh1 g4 20. Bc4 Rad8 21. Qe2 b5 22. Nxb5 Rxd5 23. Nxd4 cxd4 24. Kg1 Kh8 25. Bxd5 Bxd5 26. Rc5 d3 27. Qxd3 Be4 28. Qe2 Rd8 29.
Rc3 Qh3 30. d3 Bd5 31. e6 Kg8 32. e7 Re8 33. Rc7 h5 34. Rd7 Ba8 35. Rd8 Bc6 36. Rxe8+ Bxe8 37. Rc1 h4 38. Qg2 hxg3 39. Qxh3 gxh3 40.
hxg3 Kf7 41. Rc7 Bb5 42. d4 a5 43. a3 a4 44. b4 Ke8 45. Kh2 Bf1 46. d5 Bd3 47. Kxh3 Bb5 48. d6 Bd7 49. Kh4 Be6 50. b5 Bd7 51. b6 Bc6 52. Rc8+ Kd7 53. e8=Q+ Kxd6 54. Rxc6+ Kd5 55. Qe6+ Kd4 56. Rc4+ Kd3 57. b7 Kd2 58. b8=Q Kd3 59. Qbd6# 1-0

[Event "*** Titled Tuesday Blitz"]
[Site "Chess.com"]
[Date "2021.02.02"]
[Round "10"]
[White "Oligan22"]
[Black "hleol"]
[Result "1-0"]
[WhiteElo "2513"]
[BlackElo "2405"]
[TimeControl "180+1"]
[EndTime "11:56:44 PST"]
[Termination "Oligan22 won by resignation"]

1. e4 c6 2. d4 d5 3. e5 c5 4. dxc5 e6 5. a3 Bxc5 6. b4 Bb6 7. Bb2 Ne7 8. Qg4 Nf5 9. Bd3 h5 10. Qf4 g5 11. Qd2 Nh4 12. g3 Ng6 13. Nf3 g4 14. Ng5 Nc6 15. f4 gxf3 16. Nxf3 Qe7 17.
Bxg6 fxg6 18. Qd3 Qg7 19. Nbd2 Bd7 20. c4 O-O-O 21. O-O-O Be8 22. c5 Bc7 23. Rhe1 g5 24. b5 Ne7 25. Qe2 Nf5 26. Nd4 Nxd4 27. Bxd4 Qd7 28. a4 Qh7 29. Kb2 Rf8 30. Rc1 Bg6 31.
b6 Bd3 32. Qe3 Bb8 33. c6 bxc6 34. bxa7 Bxa7 35. Bxa7 d4 36. Bxd4 Qb7+ 37. Bb6 Rd5 38.
a5 Rb5+ 39. Kc3 Rd5 40. Nc4 Bxc4 41. Kxc4 Qa6+ 42. Kc3 Qb5 43. Rb1 Qa4 44. Rb4 Qa3+ 45. Rb3 Qa4 46. Qe4 Rf3+ 47. Qxf3 Qd4+ 48. Bxd4 1-0

[Event "*** Titled Tuesday Blitz"]
[Site "Chess.com"]
[Date "2021.02.02"]
[Round "10"]
[White "CakeinSpace2002"]
[Black "IMRosen"]
[Result "0-1"]
[WhiteElo "2370"]
[BlackElo "2551"]
[TimeControl "180+1"]
[EndTime "11:56:44 PST"]
[Termination "IMRosen won by resignation"]

1. e4 e5 2. Nf3 Nf6 3. Nxe5 Nc6 4.
Nxc6 dxc6 5. Nc3 Bc5 6. Be2 h5 7.
h3 Qd4 8. O-O Ng4 9. Qe1 Qe5 10.
Bxg4 hxg4 11. d4 Bxd4 12. Be3 gxh3 13. g3 h2+ 14. Kh1 Bh3 15. f4 Qc5 16. Bxd4 Qxd4 17.
Rd1 Qb6 18. Rf2 Bg4 19. Rd3 Qxb2 20. Rxh2 Rxh2+ 21. Kxh2 Ke7 22. Qd2 Qa1 23. Kg2 Rh8 24. Nd1 Qxd1 25. Rd7+ Ke8 26. Rd8+ Ke7 27. Qxd1 Bxd1 28.
Rxh8 Bxc2 29. Rb8 Bxe4+ 30. Kf2 c5 31. Ke3 Bd5 32. Ra8 a6 33. g4 b5 34. Rg8 g6 35.
Rc8 Kd7 36. Rh8 Bxa2 37. Ke4 a5 38. Ke5 Kc6 39. Ra8 a4 40. Ra6+ Kb7 41. Ra5 Kb6 42.
Ra8 Be6 43. f5 gxf5 44. gxf5 Bc4 45. f6 b4 46. Rxa4 Kb5 47. Ra8 Be6 48. Rb8+ Kc4 49. Re8 Bd5 50. Rd8 c6 51. Kd6 b3 52. Ke7 Kc3 53. Rxd5 cxd5 54. Kxf7 b2 55. Ke8 b1=Q 56. f7 Qf5 57. f8=Q Qxf8+ 58. Kxf8 d4 59. Ke7 d3 60. Kd6 c4 61. Kc6 d2 62. Kb6 d1=Q 0-1

[Event "*** Titled Tuesday Blitz"]
[Site "Chess.com"]
[Date "2021.02.02"]
[Round "10"]
[White "queen_iryna"]
[Black "woodhy"]
[Result "0-1"]
[WhiteElo "2321"]
[BlackElo "2458"]
[TimeControl "180+1"]
[EndTime "11:56:44 PST"]
[Termination "woodhy won by resignation"]

1. e4 e6 2. d4 d5 3. Nc3 Bb4 4. e5 c5 5. a3 Bxc3+ 6. bxc3 Ne7 7. Qg4 Qc7 8. Qxg7 Rg8 9. Qxh7 cxd4 10. Ne2 Nbc6 11. f4 Bd7 12. Qd3 dxc3 13. Rg1 O-O-O 14.
g4 Be8 15. Nd4 Nxd4 16. Qxd4 Nc6 17. Qd3 d4 18. h3 a6 19. Bg2 Na5 20. Rb1 Bb5 21.
Qe4 Nc4 22. a4 Bc6 23. Qe2 Bxg2 24. Qxg2 d3 25. cxd3 Rxd3 26. Rb4 Rgd8 27. Qe4 Rd1+ 28. Kf2 R1d4 29. Qe2 Qc5 30. Rxc4 Rxc4+ 31. Be3 Qd5 32. Rc1 Qd3 33. Bb6 Qxe2+ 34. Kxe2 Rd2+ 35. Ke3 Rh2 36. a5 Rxh3+ 37. Kf2 c2 38. Kg2 Rb3 39. Rh1 c1=Q 40. Rh8+ Kd7 41. Rd8+ Ke7 42. Bc5+ Rxc5 43. Rd7+ Kxd7 44. f5 Qc2+ 0-1

[Event "*** Titled Tuesday Blitz"]
[Site "Chess.com"]
[Date "2021.02.02"]
[Round "10"]
[White "ohajek96"]
[Black "canary2016"]
[Result "1-0"]
[WhiteElo "2255"]
[BlackElo "2028"]
[TimeControl "180+1"]
[EndTime "11:56:44 PST"]
[Termination "ohajek96 won by checkmate"]

1. e4 c5 2. Nf3 d6 3. Bb5+ Bd7 4. Bxd7+ Nxd7 5. O-O Ngf6 6. Re1 e6 7. b3 Be7 8. Bb2 O-O 9. c4 Qc7 10. d4 cxd4 11.
Nxd4 a6 12. Nc3 h6 13. a4 Rac8 14. Qd3 Nc5 15. Qc2 Rfd8 16. Rad1 Qb6 17. Ba1 d5 18.
exd5 Bf8 19. dxe6 Nxe6 20. Nxe6 Rxd1 21. Rxd1 Qxe6 22. h3 Re8 23. Bb2 Nh5 24. Nd5 Bd6 25. Qc3 Be5 26. Qxe5 Qxe5 27. Bxe5 Rxe5 28. g4 Nf6 29.
Nxf6+ gxf6 30. Rd7 b5 31. axb5 axb5 32. Rc7 Re1+ 33.
Kg2 Rc1 34. Rc5 bxc4 35. Rxc4 Rb1 36. Rc3 Kg7 37. Kg3 Kg6 38. h4 Rb2 39. Re3 f5 40.
f3 fxg4 41. fxg4 Rb1 42. Kf4 Rb2 43. Rc3 Kf6 44. Rc6+ Kg7 45. Rb6 f6 46. Rb7+ Kg6 47.
h5# 1-0

[Event "*** Titled Tuesday Blitz"]
[Site "Chess.com"]
[Date "2021.02.02"]
[Round "10"]
[White "Vnebo"]
[Black "Korchmar_Vasiliy"]
[Result "1-0"]
[WhiteElo "2737"]
[BlackElo "2590"]
[TimeControl "180+1"]
[EndTime "11:56:45 PST"]
[Termination "Vnebo won by resignation"]

1. c4 c5 2. g3 g6 3. Bg2 Bg7 4. Nc3 Nc6 5. Nf3 d6 6. O-O e6 7. d3 Nge7 8. Qd2 O-O 9. b3 d5 10.
cxd5 exd5 11. Bb2 b6 12. d4 Nxd4 13. Nxd4 Bxd4 14. e3 Bg7 15. Nxd5 Bxb2 16. Qxb2 Nxd5 17.
Rfd1 Be6 18. Bxd5 Bxd5 19. Qe5 Re8 20. Qxd5 Qf6 21. Qd6 Re6 22. Qd7 h5 23. h4 Rae8 24.
Rac1 Qf3 25. Qd5 Qf6 26. Rc4 Qb2 27. Qd2 Qf6 28. Rc3 Re4 29. Rd3 Qf3 30. Rd7 Kg7 31. Qc3+ Kh7 32. Qd2 R8e7 33. Rxe7 Rxe7 34. Qd5 Re4 35. Rd2 b5 36. Qxc5 a6 37. Qd5 b4 38.
Rd4 Rxe3 39. fxe3 Qxg3+ 40. Kf1 Qh3+ 41. Ke2 Qh2+ 42. Kd3 1-0

[Event "*** Titled Tuesday Blitz"]
[Site "Chess.com"]
[Date "2021.02.02"]
[Round "10"]
[White "davidkalashian"]
[Black "vinniethepooh"]
[Result "1-0"]
[WhiteElo "2601"]
[BlackElo "2714"]
[TimeControl "180+1"]
[EndTime "11:56:46 PST"]
[Termination "davidkalashian won by checkmate"]

1. d4 Nf6 2. c4 e6 3. Nf3 d5 4.
Nc3 c6 5. Qd3 dxc4 6. Qxc4 b5 7.
Qb3 a6 8. Bg5 c5 9. dxc5 Bxc5 10. Rd1 Qb6 11. e3 Bb7 12. Be2 Nbd7 13. O-O O-O 14. Rd2 Bc6 15. Rfd1 Rab8 16. Bf4 Rb7 17. Ne5 Nxe5 18. Bxe5 Be7 19. h3 b4 20. Nb1 Bd5 21. Qd3 Nd7 22. Bd4 Nc5 23. Bxc5 Bxc5 24. b3 a5 25. Bf1 Qc6 26. Rc1 Rc8 27. e4 Bxe4 28.
Rxc5 Qxc5 29. Qxe4 Rbc7 30. Rd4 Qc1 31. Nd2 g6 32. h4 Rc2 33. h5 Rxd2 34. Rxd2 Qxd2 35.
Qe5 Qc3 36. Qxa5 Kg7 37. Qg5 Rc5 38. h6+ Kg8 39. Qd8# 1-0

[Event "*** Titled Tuesday Blitz"]
[Site "Chess.com"]
[Date "2021.02.02"]
[Round "10"]
[White "PowerThinking2650"]
[Black "Ze-Pequeno"]
[Result "1-0"]
[WhiteElo "2383"]
[BlackElo "2225"]
[TimeControl "180+1"]
[EndTime "11:56:46 PST"]
[Termination "PowerThinking2650 won on time"]

1. e4 c5 2. Nf3 d6 3. d4 cxd4 4.
Nxd4 Nf6 5. Nc3 a6 6. Bc4 e6 7. O-O b5 8. Bb3 Nbd7 9. f4 Nc5 10. f5 Nxb3 11. axb3 Bd7 12. fxe6 fxe6 13. Qf3 Be7 14. Qg3 O-O 15. Bh6 Rf7 16. Rad1 Qb6 17. Be3 Qc7 18. Qh3 Qc8 19. Qg3 Qc7 20. b4 Raf8 21. e5 dxe5 22. Nf3 Nh5 23. Qg4 Nf4 24. Kh1 Bc6 25.
Rf2 Rf5 26. Rdf1 Bd6 27. Nh4 R5f6 28. Kg1 Qf7 29. Nf3 Ng6 30. Ng5 Qe7 31. Qh5 h6 32. Rxf6 Rxf6 33. Rxf6 Qxf6 34. Nce4 Bxe4 35. Nxe4 Qe7 36.
Qxg6 Bxb4 37. c3 Bd6 38. Bxh6 Qa7+ 39. Kf1 Bf8 40. Nf6+ 1-0

[Event "*** Titled Tuesday Blitz"]
[Site "Chess.com"]
[Date "2021.02.02"]
[Round "10"]
[White "Tenamu"]
[Black "L1m96"]
[Result "0-1"]
[WhiteElo "2410"]
[BlackElo "2563"]
[TimeControl "180+1"]
[EndTime "11:56:47 PST"]
[Termination "L1m96 won by checkmate"]

1. e4 e5 2. Nf3 Nc6 3. d4 exd4 4. Nxd4 Nf6 5. Nc3 Bb4 6. Nxc6 bxc6 7. Bd3 d5 8. exd5 cxd5 9. O-O O-O 10. h3 c6 11.
Qf3 Re8 12. Bf4 Bd6 13. Rad1 Rb8 14. b3 Be6 15. Ne2 c5 16. Rfe1 Qc7 17. Bg5 Be5 18. Nf4 h6 19. Nxe6 Rxe6 20. Bxf6 Rxf6 21. Qxd5 Bd4 22.
Re2 Qf4 23. Rf1 g6 24. Bc4 Kg7 25. Qd7 a6 26. Bd3 h5 27. Re4 Bxf2+ 28. Kh1 Qg3 29.
Re7 Rf8 30. Bc4 g5 31. Qd2 Rb8 32. Re2 Bd4 33. Rxf6 Bxf6 34. Qd5 Qc7 35. Rf2 Rd8 36. Qf5 Rd1+ 37. Bf1 Qd6 38. Qf3 Re1 39. Qxh5 Qg3 40. Qf3 Be5 41. Qxf7+ Kh6 42. Qe6+ Kh5 43. Qf7+ Kh6 44.
Qf8+ Kh5 45. Qf5 Qh2# 0-1

[Event "*** Titled Tuesday Blitz"]
[Site "Chess.com"]
[Date "2021.02.02"]
[Round "10"]
[White "Jospem"]
[Black "alexrustemov"]
[Result "1-0"]
[WhiteElo "3024"]
[BlackElo "2764"]
[TimeControl "180+1"]
[EndTime "11:56:48 PST"]
[Termination "Jospem won by checkmate"]

1. e4 e6 2. d4 d5 3. Nc3 Bb4 4. e5 c5 5. a3 Bxc3+ 6. bxc3 Qa5 7. Bd2 Qa4 8. Qb1 c4 9. Ne2 Nc6 10. Nf4 Bd7 11. g3 O-O-O 12. Bh3 Nge7 13. O-O b6 14.
Qb2 Kb7 15. Rae1 Rdg8 16. Nh5 Nf5 17. Nf4 Nfe7 18. Bg2 h5 19. h4 Nf5 20. Bh3 Nfe7 21. Kh2 Kc7 22. Ng2 Qa6 23. Bg5 Qc8 24. a4 Qf8 25. Bc1 Nf5 26. Qa1 Kb7 27. Nf4 Nfe7 28.
Ba3 g5 29. hxg5 Rxg5 30. Ng2 Qg7 31. Bc1 Rg6 32. Nh4 Rg4 33. Bxg4 hxg4 34. Kg2 f6 35. Bf4 Ng6 36. Nxg6 Qxg6 37. Qc1 Rh5 38. Rh1 fxe5 39. Rxh5 Qxh5 40. Bxe5 Qf5 41. Qf4 Qxc2 42. Re3 Qxa4 43.
Bd6 Qd1 44. Qf7 Kc8 45. Kh2 Qc2 46. Rxe6 Nd8 47. Re8 Bxe8 48. Qc7# 1-0

[Event "*** Titled Tuesday Blitz"]
[Site "Chess.com"]
[Date "2021.02.02"]
[Round "10"]
[White "enriquetejedor"]
[Black "Kostya_Nikologorskiy"]
[Result "1-0"]
[WhiteElo "2530"]
[BlackElo "2647"]
[TimeControl "180+1"]
[EndTime "11:56:49 PST"]
[Termination "enriquetejedor won by resignation"]

1. b3 e5 2. Bb2 Nc6 3. e3 Nf6 4. Bb5 d6 5. d4 exd4 6. Qxd4 Bd7 7. Qd1 a6 8. Bxc6 Bxc6 9. Nf3 Qd7 10. O-O Qg4 11. h3 Bxf3 12. Qxf3 Qxf3 13. gxf3 Be7 14. Kh2 O-O-O 15. Rg1 g6 16. Nd2 d5 17. Rad1 Rhe8 18. c4 c6 19. cxd5 Nxd5 20. Nc4 b5 21. Ne5 Bd6 22.
f4 Bxe5 23. Bxe5 f6 24. Bd4 Re6 25. a3 a5 26. Rd2 f5 27. Rc1 Kb7 28. Kg3 Re4 29.
Bf6 Rd7 30. Be5 g5 31. Kf3 gxf4 32. exf4 a4 33. b4 Kb6 34. Rcd1 Rd8 35. Rd4 Rg8 36.
Rxe4 fxe4+ 37. Kxe4 Rg2 38. f5 Rxf2 39. Bd4+ Kc7 40.
Bxf2 Nc3+ 41. Ke5 Nxd1 42. Bc5 Ne3 43. Bxe3 Kd7 44. Kf6 1-0

[Event "*** Titled Tuesday Blitz"]
[Site "Chess.com"]
[Date "2021.02.02"]
[Round "10"]
[White "ftorodent"]
[Black "federicosellitti"]
[Result "1-0"]
[WhiteElo "2694"]
[BlackElo "2464"]
[TimeControl "180+1"]
[EndTime "11:56:50 PST"]
[Termination "ftorodent won on time"]

1. d4 d5 2. c4 Nc6 3. cxd5 Qxd5 4. e3 e5 5. Nc3 Bb4 6. a3 Bxc3+ 7. bxc3 Nf6 8. c4 Qd6 9. d5 Ne7 10. Ne2 O-O 11.
Nc3 c6 12. e4 b5 13. Be3 bxc4 14. Bxc4 cxd5 15. exd5 Bg4 16. f3 Rfc8 17. Nb5 Qd7 18.
Be2 Nexd5 19. Bf2 Bf5 20. g4 Bc2 21. Qd2 a6 22. Na7 Rxa7 23. Bxa7 Qxa7 24. g5 Nh5 25. Qxd5 Nf4 26. Qd2 Ng2+ 27. Kf1 Ne3+ 28. Ke1 Bf5 29. Bf1 Nc2+ 30. Kd1 Nxa1 31. Bd3 Bxd3 32. Qxd3 Qf2 33. Rf1 Qb2 34. Qd2 Qxd2+ 35. Kxd2 Nb3+ 36. Ke3 Nd4 37. Ke4 f6 38. Rb1 Rc7 39. Rb6 a5 40. gxf6 gxf6 41.
Rxf6 Rf7 42. Ra6 Nxf3 43. Rxa5 Kg7 44. Ra6 1-0

[Event "*** Titled Tuesday Blitz"]
[Site "Chess.com"]
[Date "2021.02.02"]
[Round "10"]
[White "onnoelgersma"]
[Black "FlySooHigh"]
[Result "0-1"]
[WhiteElo "2469"]
[BlackElo "2599"]
[TimeControl "180+1"]
[EndTime "11:56:50 PST"]
[Termination "FlySooHigh won on time"]

1. e4 c5 2. Nf3 d6 3. Bb5+ Nd7 4. d4 cxd4 5. Qxd4 a6 6. Bxd7+ Qxd7 7. Nc3 e5 8. Qd3 Nf6 9. Bg5 Ng8 10. Nd5 Qc6 11.
O-O-O f6 12. Be3 Be6 13. Kb1 g6 14. Nd2 Kf7 15. Nc4 Rd8 16. f4 Rc8 17. Ncb6 Rd8 18. f5 gxf5 19. exf5 Bxd5 20. Nxd5 Ne7 21. c4 Nxd5 22.
cxd5 Qa4 23. Rc1 Be7 24. Rc7 b5 25. Rhc1 Rhg8 26. g3 Rg4 27. Bb6 Re8 28. Ra7 Rc4 29. Rxc4 bxc4 30. Qe2 c3 31. b3 Qb4 32. Bf2 Rc8 33.
Qh5+ Kg8 34. Kc2 Qa3 35. Rxe7 Qb2+ 36. Kd3 Qb1+ 37. Ke3 Qc1+ 38. Ke4 Qc2+ 39. Ke3 Qd2+ 40. Ke4 Qc2+ 41. Ke3 Qd2+ 0-1

[Event "*** Titled Tuesday Blitz"]
[Site "Chess.com"]
[Date "2021.02.02"]
[Round "10"]
[White "cukin84"]
[Black "Darius321"]
[Result "0-1"]
[WhiteElo "2146"]
[BlackElo "2277"]
[TimeControl "180+1"]
[EndTime "11:56:51 PST"]
[Termination "Darius321 won by checkmate"]

1. e4 c5 2. Nc3 e6 3. f4 d5 4. d3 d4 5. Nce2 Nc6 6. Nf3 f5 7.
exf5 exf5 8. g3 Nf6 9. Bg2 Bd6 10. O-O O-O 11. c4 dxc3 12. bxc3 Be6 13. Ng5 Bd7 14. Qb3+ Kh8 15. Nf7+ Rxf7 16. Qxf7 Be8 17. Qb3 b6 18. Bb2 Rc8 19. Rae1 Ng4 20. Nc1 c4 21. Qd1 cxd3 22.
Nxd3 Na5 23. h3 Nf6 24. Ne5 Bc5+ 25. Kh2 Qc7 26. c4 Bb4 27. Re2 h6 28. Rc2 Ba4 29. Qe2 Bxc2 30. Qxc2 Nxc4 31. Nxc4 Qxc4 32. Qxf5 Qc2 33.
Bxf6 Qxf5 34. Be5 Rc2 35. Kh1 Qd3 36. f5 Bc3 37. Bxc3 Qxc3 38. f6 gxf6 39. Rd1 Qxg3 40. Rd8+ Kg7 41. Rd7+ Kf8 42. Rd8+ Ke7 43. Re8+ Kxe8 44.
Bc6+ Ke7 45. Bf3 Qh2# 0-1

[Event "*** Titled Tuesday Blitz"]
[Site "Chess.com"]
[Date "2021.02.02"]
[Round "10"]
[White "marvinguevara"]
[Black "Mambastik-Fantastic"]
[Result "1-0"]
[WhiteElo "2157"]
[BlackElo "2260"]
[TimeControl "180+1"]
[EndTime "11:56:51 PST"]
[Termination "marvinguevara won by resignation"]

1. e4 c5 2. d4 cxd4 3. c3 d3 4. Bxd3 Nc6 5. c4 g6 6. Nc3 Bg7 7. Be3 d6 8. Nf3 Nf6 9. O-O O-O 10. h3 h6 11. Qd2 Kh7 12. Rac1 a6 13. Rfe1 Be6 14. b3 Qa5 15. Bb1 Nd7 16. Nd4 Nxd4 17. Bxd4 Bxd4 18. Qxd4 Qg5 19. Rcd1 Bxh3 20. g3 Bg4 21. f4 Qh5 22. Rd2 Qc5 23. Nd5 Qxd4+ 24. Rxd4 e6 25. Ne3 h5 26. Rxd6 Nc5 27. Nxg4 hxg4 28.
Red1 Kg7 29. Bc2 e5 30. f5 g5 31. b4 Nxe4 32. Bxe4 Rac8 33. Bd5 Rc7 34. f6+ Kg8 35.
Kf2 a5 36. a3 axb4 37. axb4 Ra8 38. Rh1 Ra2+ 39. Ke3 Ra3+ 40. Ke4 Ra8 41. Kf5 Re8 42.
c5 e4 43. Bxe4 Ra8 44. Kxg5 Rcc8 45. Bh7+ Kf8 46. Bf5 Kg8 47. Bxc8 Rxc8 48. Rhd1 Re8 49. Rd8 1-0

[Event "*** Titled Tuesday Blitz"]
[Site "Chess.com"]
[Date "2021.02.02"]
[Round "10"]
[White "catzapto"]
[Black "MarceloPlaya"]
[Result "1-0"]
[WhiteElo "2126"]
[BlackElo "2254"]
[TimeControl "180+1"]
[EndTime "11:56:52 PST"]
[Termination "catzapto won by checkmate"]

1. d4 e6 2. Nf3 Nf6 3. c4 Bb4+ 4. Nc3 O-O 5. Qc2 d5 6. a3 Bxc3+ 7. Qxc3 c6 8. Bg5 Ne4 9. Bxd8 Nxc3 10. Bh4 Ne4 11. e3 Nd7 12. Bd3 f5 13. O-O Ndf6 14. Ne5 g5 15.
Bg3 Bd7 16. f3 Nxg3 17. hxg3 Be8 18. Rfc1 Nd7 19. Nxd7 Bxd7 20. Kf2 Kg7 21. c5 Rae8 22. f4 h6 23. b4 a6 24. a4 Ra8 25. a5 Rh8 26.
Rh1 Be8 27. Be2 Bg6 28. Rh2 Rh7 29. Rah1 Rah8 30. Bf3 Be8 31. Be2 h5 32. Bf3 Kg6 33. Be2 h4 34. gxh4 gxh4 35. Bf3 Kf6 36. Be2 Kg7 37.
Bf3 Rh6 38. Be2 Bh5 39. Rxh4 Bxe2 40. Rxh6 Rxh6 41. Rxh6 Kxh6 42. Kxe2 Kh5 43. Kf2 Kh4 44. Kf3 Kh5 45. Kg3 Kg6 46. Kh4 Kh6 47. g4 Kg6 48. g5 Kf7 49. Kh5 Kg7 50. g6 Kg8 51. Kg5 Kg7 52. Kh5 Kg8 53. Kh6 Kh8 54. g7+ Kg8 55. Kg6 e5 56. fxe5 f4 57. e6 fxe3 58. e7 e2 59.
e8=Q# 1-0

[Event "*** Titled Tuesday Blitz"]
[Site "Chess.com"]
[Date "2021.02.02"]
[Round "10"]
[White "doons21"]
[Black "IceBelka"]
[Result "1-0"]
[WhiteElo "2554"]
[BlackElo "2392"]
[TimeControl "180+1"]
[EndTime "11:56:53 PST"]
[Termination "doons21 won by checkmate"]

1. e4 c5 2. c3 Nf6 3. e5 Nd5 4. d4 cxd4 5. Nf3 Nc6 6. Bc4 Nb6 7. Bb3 d5 8. exd6 Qxd6 9. O-O Be6 10. Na3 Bxb3 11. axb3 dxc3 12. Qe2 O-O-O 13. Ng5 cxb2 14. Bxb2 Qg6 15. Nf3 e6 16. Nb5 Qd3 17. Qxd3 Rxd3 18. Nxa7+ Nxa7 19. Rxa7 f6 20. Bd4 Nd5 21. Ra8+ Kd7 22.
Bc5 Ne7 23. Rb8 Nc8 24. Bxf8 Rxf8 25. Rxb7+ Kc6 26. Rxg7 Rxb3 27. Rxh7 Rc3 28. h4 e5 29. Rh6 Kd5 30. Rd1+ Ke6 31. Re1 Rc5 32. Nd4+ Kd5 33. Nf5 Nd6 34. Ne7+ Ke6 35. Ng6 Rg8 36. h5 Rc7 37. Nf4+ Kf5 38. Nd5 Rcg7 39. g3 Ne8 40.
Re3 Kg5 41. Rg6+ Rxg6 42. hxg6 Rxg6 43. Ra3 Kf5 44. Ra8 Kg5 45. Rxe8 Rg7 46. Kg2 Rb7 47. Re7 Rb5 48. Ne3 Rb2 49. Rg7+ Kh6 50. Nf5+ Kh5 51. g4# 1-0

[Event "*** Titled Tuesday Blitz"]
[Site "Chess.com"]
[Date "2021.02.02"]
[Round "10"]
[White "LileKoridze"]
[Black "mirochka"]
[Result "1-0"]
[WhiteElo "2379"]
[BlackElo "2221"]
[TimeControl "180+1"]
[EndTime "11:56:53 PST"]
[Termination "LileKoridze won on time"]

1. d4 Nf6 2. c4 e6 3. Nc3 d5 4. Nf3 Be7 5. Bf4 O-O 6. e3 b6 7. Bd3 dxc4 8. Bxc4 Bb7 9. O-O Nbd7 10. Qe2 c5 11.
Rfd1 cxd4 12. Rxd4 Bxf3 13. gxf3 Qc8 14. Bg3 a5 15.
Rad1 e5 16. R4d2 Bb4 17. Bh4 Bxc3 18. bxc3 Ra7 19. Rd6 Rc7 20. Bb5 Nc5 21. Bxf6 gxf6 22. Rxf6 Ne6 23. c4 Kh8 24. Kh1 Rg8 25. Qf1 Qa8 26. Qh3 Rg6 27. Qf5 Kg7 28. Rxg6+ fxg6 29. Qxe5+ Kf7 30. e4 Qb7 31. Rd6 Re7 32. Bc6 Qc7 33.
Bd5 Qc8 34. Rxb6 Qd7 35. Bxe6+ Rxe6 36. Rxe6 Qxe6 37. Qxe6+ Kxe6 38. f4 Kd6 39. Kg2 Kc5 40. f5 gxf5 41. exf5 Kd6 42. Kf3 Ke5 43. Kg4 h6 44.
f4+ Kf6 45. c5 1-0

[Event "*** Titled Tuesday Blitz"]
[Site "Chess.com"]
[Date "2021.02.02"]
[Round "10"]
[White "Politov_Pavel"]
[Black "Berardino"]
[Result "0-1"]
[WhiteElo "2419"]
[BlackElo "2572"]
[TimeControl "180+1"]
[EndTime "11:56:54 PST"]
[Termination "Berardino won by resignation"]

1. e4 c5 2. Nf3 b6 3. b4 Bb7 4.
bxc5 bxc5 5. d3 Nf6 6. Be2 e6 7. O-O Be7 8. Bb2 O-O 9. c4 d5 10.
e5 Ng4 11. h3 Nh6 12. cxd5 Bxd5 13. Nc3 Nc6 14. Rc1 Rb8 15. Ba1 Nf5 16. Na4 Bxa2 17. Nxc5 Bd5 18. Ne4 Qb6 19. Qa4 Rfc8 20. Nd6 Nxd6 21.
exd6 Bxd6 22. Qg4 Bf8 23. Ng5 h6 24. Ne4 Bxe4 25. Qxe4 Ne7 26. Be5 Rxc1 27. Rxc1 Rc8 28. Ra1 Nd5 29. Bd4 Bc5 30. Rc1 Rc7 31. Bxc5 Rxc5 32. Rxc5 Qxc5 33. g3 a5 34. d4 Qc7 35.
Bd3 g6 36. Qe2 a4 37. Qd2 Kg7 38. Be4 a3 39. Qa2 Nc3 40. Qc2 a2 41. d5 a1=Q+ 42.
Kg2 exd5 43. Bd3 Qaa5 44. Qd2 Qe5 45. f4 Qd4 46. Qf2 Qxf2+ 47. Kxf2 Qc5+ 48. Kf3 Qd4 49. Be2 Qe4+ 50. Kf2 Qxe2+ 0-1

[Event "*** Titled Tuesday Blitz"]
[Site "Chess.com"]
[Date "2021.02.02"]
[Round "10"]
[White "MasterSonnevanck23"]
[Black "BL4D3RUNN3R"]
[Result "1-0"]
[WhiteElo "2379"]
[BlackElo "2218"]
[TimeControl "180+1"]
[EndTime "11:56:54 PST"]
[Termination "MasterSonnevanck23 won on time"]

1. d4 Nf6 2. c4 g6 3. Nc3 Bg7 4. e4 d6 5. Nf3 O-O 6. Be2 e5 7. Be3 Ng4 8. Bg5 f6 9. Bh4 Nh6 10. dxe5 dxe5 11. Qxd8 Rxd8 12. Nd5 g5 13. Nxc7 gxh4 14. Nxa8 Na6 15. Rd1 Rxd1+ 16. Kxd1 h3 17. gxh3 Bxh3 18. Kc1 Ng4 19. Rd1 Nxf2 20. Rd8+ Bf8 21.
Nd2 Kf7 22. c5 Bxc5 23. Bxa6 bxa6 24. Rh8 Kg7 25. Rb8 Be3 26. Nc7 Nxe4 27. Kc2 Nxd2 28. Nd5 Bg5 29. Rb7+ Kg6 30. Rxa7 Bf5+ 31. Kc3 Ne4+ 32.
Kc4 Nd6+ 33. Kc5 Ne4+ 34. Kc6 Nd2 35. Ne7+ Kh5 36. Nxf5 Kg4 37. Nd6 Be3 38. Rxa6 Nf3 39. Ra4+ Nd4+ 40. Kd5 Bg1 41. Nb5 f5 42. Nxd4 exd4 43.
Kc4 f4 44. Kd3 f3 45. Ra8 Kh3 46. Rg8 Kxh2 47. a4 h5 48. a5 f2 49. Ke2 d3+ 50. Kf1 d2 51. Rd8 Kg3 52. Rxd2 h4 53. a6 h3 54. a7 h2 55. a8=Q h1=Q 56. Qxh1 1-0